 Dungeon Crawl Stone Soup version 0.30-a0-222-ge547ba4400 (webtiles) character file.

Game seed: 16406544940104162169

38532 qw the Cleaver (level 14, -13/90 HPs)
             Began as a Gargoyle Fighter on Oct 8, 2022.
             Was a High Priest of Okawaru.
             Mangled by a death yak simulacrum (28 damage)
             ... on level 4 of the Lair of Beasts.
             The game lasted 00:06:46 (16545 turns).

qw the Cleaver (Gargoyle Fighter)                  Turns: 16545, Time: 00:06:46

Health: -13/90     AC: 38    Str: 24    XL:     14   Next: 2%
Magic:  19/21      EV:  8    Int: 13    God:    Okawaru [*****.]
Gold:   761        SH:  7    Dex: 15    Spells: 13/13 levels left

rFire   + . .      SeeInvis .    j - +2 broad axe (vorpal)
rCold   . . .      Faith    .    c - +0 buckler
rNeg    + . .      Spirit   .    s - +0 plate armour
rPois   inf        Reflect  .    h - +2 helmet {Int+3}
rElec   +          Harm     .    g - +2 cloak
rCorr   .          Rampage  .    v - +0 pair of gloves
Will    +....                    q - +0 pair of boots
Stlth   ..........               (no amulet)
HPRegen 0.35/turn                i - +6 ring of dexterity
MPRegen 0.17/turn                u - ring of protection from fire

@: heroic, flying, constricted
A: sickness immunity, AC +10, big wings, negative energy resistance 1,
electricity resistance, torment resistance 1, petrification resistance
a: Renounce Religion, Heroism, Finesse, Duel


You were on level 4 of the Lair of Beasts.
You worshipped Okawaru.
Okawaru was extremely pleased with you.
You visited 2 branches of the dungeon, and saw 15 of its levels.
You also visited: Gauntlet.

You collected 1031 gold pieces.
You spent 270 gold pieces at shops.


Innate Abilities, Weirdness & Mutations

You are immune to sickness and miasma.
Your stone body is resilient. (AC +10)
You are immune to poison.
Your large and strong wings let you fly.
You resist negative energy. (rN+)
You are resistant to electric shocks. (rElec)
You are resistant to unholy torment.
You are immune to petrification.


   Skills:
 - Level 11.0(16.0) Fighting
 - Level 14.0(19.0) Axes
 + Level 5.2(10.2) Throwing
 - Level 11.0(16.0) Armour
 - Level 3.2(8.2) Dodging
 - Level 7.0(12.0) Shields
 - Level 10.0 Invocations


You had 13 spell levels left.
You didn't know any spells.
Your spell library was empty.

Inventory:

Hand Weapons
 j - a +2 vorpal broad axe (weapon)
 x - a +2 hand axe of flaming
Missiles
 w - 2 silver javelins (quivered)
 z - a javelin
Armour
 c - a +0 buckler (worn)
 g - a +2 cloak (worn)
 h - a +2 helmet of intelligence (worn)
 n - a +1 chain mail of cold resistance
 o - +0 ice dragon scales
 q - a +0 pair of boots (worn)
 s - a +0 plate armour (worn)
 v - a +0 pair of gloves (worn)
 A - a +2 plate armour of cold resistance
Jewellery
 e - a ring of ice
 i - a +6 ring of dexterity (left hand)
 u - a ring of protection from fire (right hand)
 y - a ring of resist corrosion
Scrolls
 m - 8 scrolls of identify
 t - 2 scrolls of teleportation
Potions
 a - 3 potions of lignification
 b - 8 potions of curing
 d - 7 potions of might
 f - 3 potions of attraction
 k - 2 potions of heal wounds
 l - 2 potions of cancellation
 p - a potion of resistance
 r - 2 potions of mutation

Dungeon Overview and Level Annotations

Branches:
Dungeon (11/15)            Temple (0/1) D:6            Lair (4/5) D:11
  Swamp (0/4) Lair:2       Spider (0/4) Lair:3      Gauntlet (visited)
  Slime: Lair:4-5       Orc: D:9-12

Altars:
Dithmenos
Gozag
Makhleb
Okawaru
Trog
Vehumet
Yredelemnul
Zin
The Shining One

Shops:
D:9 [

Annotations:
D:4 3 runed translucent doors, qw's ghost, amateur GrFi
Lair:1 1 runed translucent door, qw's ghost, novice GrFi
Lair:3 2 transporters, Oluanan's ghost, journeyman DsFi


Message History

The silver javelin pierces through the death yak simulacrum.
The death yak simulacrum is lightly damaged.
You hear a splash.
You hit the ice devil but do no damage.
The ice devil is lightly wounded.
You slash the ice devil!
The ice devil is heavily wounded.
The ice devil barely misses you.
You slash the ice devil!
The ice devil is almost dead.
The ice devil hits you but does no damage.
You hit the ice devil but do no damage.
The ice devil is almost dead.
You slash the anaconda simulacrum! The anaconda simulacrum grabs you.
The anaconda simulacrum bites you. The anaconda simulacrum freezes you!
The anaconda simulacrum constricts you.
The ice devil hits you but does no damage.
The anaconda simulacrum bites you but does no damage.
The anaconda simulacrum constricts you.
You closely miss the anaconda simulacrum.
The anaconda simulacrum is moderately damaged.
You hit the ice devil but do no damage.
The anaconda simulacrum completely misses you.
The anaconda simulacrum constricts you.
The ice devil hits you but does no damage.
You hit the anaconda simulacrum.
The anaconda simulacrum is heavily damaged.
You slash the ice devil!
You kill the ice devil!
Okawaru accepts your kill. The anaconda simulacrum bites you.
The anaconda simulacrum freezes you! The anaconda simulacrum constricts you.
The anaconda simulacrum bites you but does no damage.
The anaconda simulacrum constricts you.
16545 ||| INVOKING Heroism.
You gain the combat prowess of a mighty hero.
The anaconda simulacrum bites you. The anaconda simulacrum freezes you!!
The anaconda simulacrum constricts you. The death yak simulacrum gores you.
The death yak simulacrum freezes you!!
You die...

..........%.......
##~#...............[..
##~~~~~~~~~~~~~........
~~~~~~~~~~~~~~~~~~.....
~~~~~(~~~~~~~~~~~~~~~~.
~~~.....|..~.~.~~~~~~~
(................~~~~~
......Z.\..........~.
....8$Z@..).........
####################


You could see an anaconda simulacrum and a death yak simulacrum.

Vanquished Creatures
  A minotaur (Gauntlet)
  An ice dragon (Lair:3)
  3 hydras (Lair:3)
  2 two-headed ogres
  A catoblepas (Gauntlet)
  6 death yaks (Lair:2)
  An ugly thing (D:8)
  A cyclops (D:11)
  9 elephants (Lair:4)
  2 black mambas
  2 gargoyles
  2 unseen horrors (D:11)
  An ice statue (Lair:4)
  4 cane toads
  3 rime drakes
  A kobold demonologist (D:9)
  8 komodo dragons
  An ice devil (Lair:4)
  3 meliai (Gauntlet)
  4 polar bears
  2 tyrant leeches (Lair:2)
  A troll (D:10)
  4 blink frogs (Lair:3)
  A raiju (Gauntlet)
  2 shadows
  A vampire (D:10)
  5 wyverns
  2 wraiths
  54 yaks
  2 basilisks
  3 steam dragons
  A death yak simulacrum (Lair:4)
  3 wargs (D:11)
  4 swamp worms (Lair:2)
  An acid dragon (D:9)
  2 harpy simulacra (Lair:4)
  12 water moccasins
  4 orc warriors
  6 wolves
  4 sky beasts
  2 ogres
  8 centaurs
  5 phantoms
  2 kobold brigands (D:7)
  7 bullfrogs
  2 scorpions
  A necrophage (D:6)
  6 wights
  An electric eel (Lair:2)
  3 howler monkeys
  2 hounds (D:5)
  4 jellies
  3 orc priests
  10 orc wizards
  11 iguanas
  A troll simulacrum (Lair:4)
  A wolf simulacrum (Lair:4)
  4 gnolls
  4 adders
  5 river rats (D:4)
  A shadow imp (D:6)
  4 white imps
  2 worms
  2 dart slugs
  30 orcs
  3 ball pythons
  6 bats
  5 endoplasms
  4 giant cockroaches
  5 goblins
  4 hobgoblins
  6 jackals
  4 frilled lizards
  22 kobolds
  24 rats
374 creatures vanquished.

Vanquished Creatures (others)
  A yak (Lair:2)
  A demonic plant (D:2)
  25 fungi
  59 plants
  6 withered plants
92 creatures vanquished.

Grand Total: 466 creatures vanquished

Notes
Turn   | Place    | Note
-------+----------+-------------------------------------------
     0 | D:1      | qw the Gargoyle Fighter began the quest for the Orb.
     0 | D:1      | Reached XP level 1. HP: 14/14 MP: 1/1
     0 | D:1      | 0 ||| qw: Version: 0.2-a-17-g06abaee
     0 | D:1      | 0 ||| qw: Game counter: 2027
     0 | D:1      | 0 ||| qw: Always use a shield: true
     0 | D:1      | 0 ||| qw: God list: Okawaru
     0 | D:1      | 0 ||| qw: Allow faded altars: false
     0 | D:1      | 0 ||| qw: Do Orc after D:15 true
     0 | D:1      | 0 ||| qw: Do second Lair branch before Depths: true
     0 | D:1      | 0 ||| qw: Lair rune preference: random
     0 | D:1      | 0 ||| qw: Plans: Normal, Zot:1-4, God:TSO, Crypt, Tomb,
                  | Pan, Slime:5, Hells, Abyss, Orb
     0 | D:1      | 0 ||| PLANNING D:1-11
   121 | D:1      | 121 ||| Stepping ~*~*~tactically~*~*~ (stealth).
   129 | D:1      | HP: 2/14 [gnoll/+0 club (5)]
   131 | D:1      | Reached skill level 2 in Axes
   131 | D:1      | Reached XP level 2. HP: 4/19 MP: 2/2
   510 | D:1      | 510 ||| Stepping ~*~*~tactically~*~*~ (stealth).
   515 | D:1      | 515 ||| Stepping ~*~*~tactically~*~*~ (stealth).
   516 | D:1      | 516 ||| Stepping ~*~*~tactically~*~*~ (stealth).
   522 | D:1      | Reached skill level 3 in Axes
   595 | D:1      | Reached XP level 3. HP: 23/23 MP: 3/3
   825 | D:1      | 825 ||| READING scroll labelled WENUDU BITA.
   826 | D:1      | 826 ||| READING scroll labelled NIMMIM QACEI.
   931 | D:2      | Found a faded altar of an unknown god.
  1694 | D:2      | 1694 ||| UPGRADING to +0 chain mail.
  1704 | D:2      | 1704 ||| DROPPING +0 scale mail.
  1705 | D:2      | 1705 ||| UPGRADING to +0 helmet.
  1710 | D:2      | 1710 ||| READING scroll labelled DUZA UTOZUASI.
  1711 | D:2      | 1711 ||| READING scroll labelled KYXEIKHIOPS.
  1712 | D:2      | 1712 ||| READING scroll labelled KOIRPHO TIFALURR.
  1713 | D:2      | 1713 ||| READING scroll labelled PIHUYSAEPT.
  1932 | D:3      | Reached XP level 4. HP: 27/28 MP: 4/4
  1997 | D:3      | Reached skill level 4 in Axes
  2070 | D:3      | HP: 6/28 [iguana (5)]
  2167 | D:3      | 2167 ||| Stepping ~*~*~tactically~*~*~ (stealth).
  2508 | D:3      | 2508 ||| Stepping ~*~*~tactically~*~*~ (hiding).
  2719 | D:3      | 2719 ||| READING scroll labelled ATZIEL WOKI.
  2720 | D:3      | 2720 ||| READING scroll labelled FAANUA DIUJIVE.
  2721 | D:3      | 2721 ||| READING scroll labelled AZEBBA XELECROWUT.
  2742 | D:4      | 2742 ||| Stepping ~*~*~tactically~*~*~ (stealth).
  2743 | D:4      | 2743 ||| Stepping ~*~*~tactically~*~*~ (stealth).
  2744 | D:4      | 2744 ||| Stepping ~*~*~tactically~*~*~ (stealth).
  2746 | D:4      | 2746 ||| Stepping ~*~*~tactically~*~*~ (stealth).
  2805 | D:4      | Reached XP level 5. HP: 30/32 MP: 5/5
  2923 | D:4      | Found a runed translucent gate.
  2923 | D:4      | Found an opulent altar of Gozag.
  2924 | D:4      | Found a runed translucent gate.
  2924 | D:4      | Found a runed translucent gate.
  2924 | D:4      | Noticed a yak
  2924 | D:4      | Noticed qw's ghost (amateur GrFi)
  2983 | D:4      | Reached skill level 5 in Axes
  3185 | D:4      | Noticed a phantom
  3197 | D:4      | Killed a phantom
  3198 | D:4      | Reached XP level 6. HP: 26/40 MP: 6/6
  3338 | D:4      | 3338 ||| Stepping ~*~*~tactically~*~*~ (stealth).
  3447 | D:4      | 3447 ||| READING scroll labelled KEDIJU WETAD.
  3448 | D:4      | 3448 ||| DRINKING 2 red potions.
  3449 | D:4      | 3449 ||| DRINKING 2 puce potions.
  3474 | D:5      | Entered Level 5 of the Dungeon
  3481 | D:5      | HP: 5/40 [ogre/+0 giant spiked club (19)]
  3652 | D:5      | 3652 ||| Stepping ~*~*~tactically~*~*~ (stealth).
  3654 | D:5      | Reached skill level 6 in Axes
  3654 | D:5      | Reached XP level 7. HP: 40/44 MP: 7/7
  3730 | D:5      | 3730 ||| Stepping ~*~*~tactically~*~*~ (stealth).
  3742 | D:5      | 3742 ||| Stepping ~*~*~tactically~*~*~ (stealth).
  3749 | D:5      | Reached skill level 1 in Dodging
  3894 | D:5      | Reached skill level 7 in Axes
  3906 | D:5      | 3906 ||| Stepping ~*~*~tactically~*~*~ (stealth).
  3973 | D:5      | Found a burning altar of Makhleb.
  3979 | D:5      | Reached XP level 8. HP: 34/49 MP: 8/8
  4037 | D:5      | Found a glowing silver altar of Zin.
  4037 | D:5      | Noticed an angel
  4038 | D:5      | Noticed a cacodemon
  4050 | D:5      | 4050 ||| Stepping ~*~*~tactically~*~*~ (stealth).
  4250 | D:5      | Identified the +5 whip "Juew" {drain, rN+ Will+ Stlth+}
  4308 | D:5      | 4308 ||| DROPPING +0 whip.
  4411 | D:5      | 4411 ||| Stepping ~*~*~tactically~*~*~ (stealth).
  4613 | D:5      | 4613 ||| READING scroll labelled MAUJEH NARINLO.
  4614 | D:5      | 4614 ||| READING scroll labelled FEATUST PAUSE.
  4615 | D:5      | 4615 ||| READING scroll labelled XOUCOSARAO.
  4616 | D:5      | 4616 ||| DRINKING 2 black potions.
  4617 | D:5      | 4617 ||| DRINKING 2 clear potions.
  4718 | D:5      | 4718 ||| READING 5 scrolls of identify.
  4718 | D:5      | 4718 ||| IDENTIFYING fizzy inky potion
  4719 | D:5      | 4719 ||| READING 4 scrolls of identify.
  4719 | D:5      | 4719 ||| IDENTIFYING viscous white potion
  4720 | D:5      | 4720 ||| READING 3 scrolls of identify.
  4720 | D:5      | 4720 ||| IDENTIFYING sedimented green potion
  4721 | D:5      | 4721 ||| READING 2 scrolls of identify.
  4721 | D:5      | 4721 ||| IDENTIFYING ruby potion
  4722 | D:5      | 4722 ||| DROPPING potion of invisibility.
  4723 | D:5      | 4723 ||| DROPPING potion of degeneration.
  4724 | D:5      | 4724 ||| DROPPING potion of flight.
  4725 | D:5      | 4725 ||| DROPPING potion of berserk rage.
  4726 | D:5      | 4726 ||| DROPPING potion of ambrosia.
  4952 | D:6      | 4952 ||| Stepping ~*~*~tactically~*~*~ (stealth).
  4966 | D:6      | Reached skill level 8 in Axes
  5101 | D:6      | Found an iron altar of Okawaru.
  5102 | D:6      | 5102 ||| PLANNING OKAWARU WORSHIP
  5102 | D:6      | 5102 ||| DROPPING ring of wizardry.
  5103 | D:6      | 5103 ||| READING scroll labelled SIYTID GAUTEE.
  5111 | D:6      | Became a worshipper of Warmaster Okawaru
  5112 | D:6      | 5112 ||| PLANNING D:1-11
  5142 | D:6      | Found a radiant altar of Vehumet.
  5153 | D:6      | Found a glowing golden altar of the Shining One.
  5240 | D:6      | 5240 ||| Stepping ~*~*~tactically~*~*~ (stealth).
  5242 | D:6      | Reached skill level 6 in Fighting
  5273 | D:6      | Identified the +8 mace "Cythy" {vamp, rElec}
  5275 | D:6      | 5275 ||| DROPPING +0 flail.
  5276 | D:6      | 5276 ||| DROPPING +5 whip "Juew" {drain, rN+ Will+ Stlth+}.
  5328 | D:6      | Found a staircase to the Ecumenical Temple.
  5490 | D:6      | 5490 ||| Stepping ~*~*~tactically~*~*~ (hiding).
  5530 | D:6      | Reached * piety under Okawaru
  5531 | D:6      | Reached skill level 9 in Axes
  5531 | D:6      | Reached XP level 9. HP: 38/55 MP: 9/9
  5642 | D:6      | Reached skill level 1 in Invocations
  5798 | D:6      | 5798 ||| DRINKING 2 silvery potions.
  5799 | D:6      | 5799 ||| DROPPING potion of brilliance.
  5839 | D:7      | Found a bloodstained altar of Trog.
  5870 | D:7      | 5870 ||| DROPPING +8 mace "Cythy" {vamp, rElec}.
  5873 | D:7      | Found a shadowy altar of Dithmenos.
  5883 | D:7      | 5883 ||| Stepping ~*~*~tactically~*~*~ (stealth).
  5890 | D:7      | 5890 ||| FLEEEEING.
  5891 | D:7      | 5891 ||| FLEEEEING.
  5892 | D:7      | 5892 ||| FLEEEEING.
  5893 | D:7      | 5893 ||| FLEEEEING.
  5894 | D:7      | 5894 ||| FLEEEEING.
  5895 | D:7      | 5895 ||| FLEEEEING.
  5902 | D:7      | 5902 ||| FLEEEEING.
  5903 | D:7      | 5903 ||| FLEEEEING.
  5904 | D:7      | 5904 ||| FLEEEEING.
  5905 | D:7      | 5905 ||| STAIRDANCE
  5944 | D:7      | 5944 ||| STAIRDANCE
  6032 | D:7      | 6032 ||| Stepping ~*~*~tactically~*~*~ (stealth).
  6113 | D:7      | 6113 ||| INVOKING Heroism.
  6185 | D:7      | Reached skill level 3 in Invocations
  6308 | D:7      | Found a basalt altar of Yredelemnul.
  6485 | D:7      | Reached ** piety under Okawaru
  6566 | D:7      | 6566 ||| UPGRADING to +2 cloak.
  6571 | D:7      | 6571 ||| READING 2 scrolls of identify.
  6571 | D:7      | 6571 ||| IDENTIFYING viscous emerald potion
  6572 | D:7      | 6572 ||| Stepping randomly (stuck).
  6574 | D:7      | 6574 ||| Stepping randomly (stuck).
  6575 | D:7      | 6575 ||| Stepping randomly (stuck).
  6580 | D:7      | 6580 ||| Stepping randomly (stuck).
  6581 | D:7      | 6581 ||| Stepping randomly (stuck).
  6582 | D:7      | 6582 ||| Stepping randomly (stuck).
  6584 | D:7      | 6584 ||| Stepping randomly (stuck).
  6604 | D:7      | 6604 ||| Stepping randomly (stuck).
  6611 | D:7      | 6611 ||| Stepping randomly (stuck).
  6613 | D:7      | 6613 ||| Stepping randomly (stuck).
  6615 | D:7      | 6615 ||| Stepping randomly (stuck).
  6616 | D:7      | 6616 ||| Stepping randomly (stuck).
  6617 | D:7      | 6617 ||| Stepping randomly (stuck).
  6618 | D:7      | 6618 ||| Stepping randomly (stuck).
  6620 | D:7      | 6620 ||| Stepping randomly (stuck).
  6621 | D:7      | 6621 ||| Stepping randomly (stuck).
  6622 | D:7      | 6622 ||| Stepping randomly (stuck).
  6623 | D:7      | 6623 ||| Stepping randomly (stuck).
  6624 | D:7      | 6624 ||| Stepping randomly (stuck).
  6625 | D:7      | 6625 ||| Stepping randomly (stuck).
  6626 | D:7      | 6626 ||| Stepping randomly (stuck).
  6627 | D:7      | 6627 ||| Stepping randomly (stuck).
  6628 | D:7      | 6628 ||| Stepping randomly (stuck).
  6668 | D:7      | 6668 ||| Stepping randomly (stuck).
  6669 | D:7      | 6669 ||| Stepping randomly (stuck).
  6673 | D:7      | 6673 ||| Stepping randomly (stuck).
  6675 | D:7      | 6675 ||| Stepping randomly (stuck).
  6676 | D:7      | 6676 ||| Stepping randomly (stuck).
  6678 | D:7      | 6678 ||| Stepping randomly (stuck).
  6679 | D:7      | 6679 ||| Stepping randomly (stuck).
  6680 | D:7      | 6680 ||| Stepping randomly (stuck).
  6681 | D:7      | 6681 ||| Stepping randomly (stuck).
  6682 | D:7      | 6682 ||| Stepping randomly (stuck).
  6683 | D:7      | 6683 ||| Stepping randomly (stuck).
  6690 | D:7      | 6690 ||| Stepping randomly (stuck).
  6691 | D:7      | 6691 ||| Stepping randomly (stuck).
  6932 | D:8      | 6932 ||| Stepping ~*~*~tactically~*~*~ (hiding).
  6989 | D:8      | 6989 ||| Stepping ~*~*~tactically~*~*~ (stealth).
  7018 | D:8      | 7018 ||| Stepping ~*~*~tactically~*~*~ (stealth).
  7019 | D:8      | 7019 ||| Stepping ~*~*~tactically~*~*~ (stealth).
  7024 | D:8      | 7024 ||| INVOKING Heroism.
  7039 | D:8      | 7039 ||| Stepping ~*~*~tactically~*~*~ (hiding).
  7042 | D:8      | 7042 ||| INVOKING Heroism.
  7046 | D:8      | Reached skill level 10 in Axes
  7046 | D:8      | Reached XP level 10. HP: 27/63 MP: 10/13
  7300 | D:8      | 7300 ||| Stepping ~*~*~tactically~*~*~ (hiding).
  7328 | D:8      | 7328 ||| Stepping ~*~*~tactically~*~*~ (stealth).
  7488 | D:8      | Noticed a red ugly thing
  7491 | D:8      | 7491 ||| INVOKING Heroism.
  7497 | D:8      | Killed a red ugly thing
  7497 | D:8      | Reached *** piety under Okawaru
  7638 | D:8      | 7638 ||| READING 2 scrolls of identify.
  7638 | D:8      | 7638 ||| IDENTIFYING emerald potion
  7657 | D:9      | Found Nocweyv's Antique Armour Emporium.
  7661 | D:9      | 7661 ||| FLEEEEING.
  7662 | D:9      | 7662 ||| FLEEEEING.
  7663 | D:9      | 7663 ||| FLEEEEING.
  7664 | D:9      | 7664 ||| FLEEEEING.
  7665 | D:9      | 7665 ||| FLEEEEING.
  7666 | D:9      | 7666 ||| FLEEEEING.
  7667 | D:9      | 7667 ||| FLEEEEING.
  7668 | D:9      | 7668 ||| STAIRDANCE
  7782 | D:9      | 7782 ||| INVOKING Heroism.
  7913 | D:9      | 7913 ||| BUYING glowing chain mail (135 gold).
  7913 | D:9      | Bought a glowing chain mail for 135 gold pieces
  7913 | D:9      | 7913 ||| SHOPLISTING plate armour (414 gold, have 255).
  7913 | D:9      | 7913 ||| SHOPLISTING quicksilver dragon scales (1080 gold,
                  | have 255).
  7913 | D:9      | 7913 ||| BUYING shiny chain mail (135 gold).
  7913 | D:9      | Bought a shiny chain mail for 135 gold pieces
  7999 | D:9      | 7999 ||| Stepping ~*~*~tactically~*~*~ (hiding).
  8007 | D:9      | 8007 ||| DRINKING 4 potions of curing.
  8007 | D:9      | 8007 ||| (to cure confusion)
  8009 | D:9      | Noticed a two-headed ogre
  8010 | D:9      | 8010 ||| INVOKING Heroism.
  8013 | D:9      | 8013 ||| Stepping ~*~*~tactically~*~*~ (hiding).
  8015 | D:9      | Reached skill level 6 in Armour
  8022 | D:9      | Killed a two-headed ogre
  8126 | D:9      | 8126 ||| INVOKING Heroism.
  8132 | D:9      | Reached skill level 11 in Axes
  8136 | D:9      | Noticed a kobold demonologist
  8143 | D:9      | Reached **** piety under Okawaru
  8148 | D:9      | Received a gift from Okawaru
  8149 | D:9      | Reached skill level 9 in Fighting
  8149 | D:9      | Reached XP level 11. HP: 45/71 MP: 14/14
  8152 | D:9      | 8152 ||| INVOKING Heroism.
  8166 | D:9      | Reached skill level 6 in Invocations
  8877 | D:9      | 8877 ||| UPGRADING to +2 chain mail of poison resistance.
  8887 | D:9      | 8887 ||| DROPPING +0 chain mail.
  8888 | D:9      | 8888 ||| UPGRADING to +1 chain mail of cold resistance.
  8898 | D:9      | 8898 ||| DROPPING +2 chain mail of poison resistance.
  8899 | D:9      | 8899 ||| UPGRADING to +0 pair of boots.
  8904 | D:9      | 8904 ||| UPGRADING to +0 plate armour.
  8914 | D:9      | 8914 ||| READING 3 scrolls of identify.
  8914 | D:9      | 8914 ||| IDENTIFYING lumpy brown potion
  8915 | D:9      | 8915 ||| READING 2 scrolls of identify.
  8915 | D:9      | 8915 ||| IDENTIFYING cyan potion
  8932 | D:10     | Entered Level 10 of the Dungeon
  8934 | D:10     | 8934 ||| INVOKING Heroism.
  8977 | D:10     | 8977 ||| INVOKING Heroism.
  9122 | D:10     | Noticed a two-headed ogre
  9123 | D:10     | 9123 ||| INVOKING Heroism.
  9133 | D:10     | Killed a two-headed ogre
  9133 | D:10     | Reached ***** piety under Okawaru
  9305 | D:10     | 9305 ||| Stepping ~*~*~tactically~*~*~ (hiding).
  9472 | D:10     | Identified the +6 flail of the Writhing Eel {vorpal, rF++
                  | rCorr}
  9568 | D:10     | 9568 ||| Stepping ~*~*~tactically~*~*~ (stealth).
  9571 | D:10     | 9571 ||| Stepping ~*~*~tactically~*~*~ (stealth).
  9577 | D:10     | 9577 ||| Stepping ~*~*~tactically~*~*~ (stealth).
  9651 | D:10     | 9651 ||| Stepping ~*~*~tactically~*~*~ (stealth).
  9652 | D:10     | 9652 ||| Stepping ~*~*~tactically~*~*~ (stealth).
  9653 | D:10     | 9653 ||| Stepping ~*~*~tactically~*~*~ (stealth).
  9655 | D:10     | 9655 ||| Stepping ~*~*~tactically~*~*~ (stealth).
  9659 | D:10     | 9659 ||| INVOKING Heroism.
  9873 | D:10     | 9873 ||| UPGRADING to +6 ring of dexterity.
  9932 | D:11     | 9932 ||| Stepping ~*~*~tactically~*~*~ (stealth).
  9934 | D:11     | 9934 ||| INVOKING Heroism.
 10073 | D:11     | Identified the +1 robe "Rodasmooc" {rC+ Str+2 Int-3}
                  | (Okawaru gifted it to you on level 11 of the Dungeon)
 10073 | D:11     | Received a gift from Okawaru
 10197 | D:11     | 10197 ||| Stepping ~*~*~tactically~*~*~ (hiding).
 10316 | D:11     | Found a staircase to the Lair.
 10365 | D:11     | 10365 ||| DRINKING 4 potions of curing.
 10365 | D:11     | 10365 ||| (to cure confusion)
 10366 | D:11     | 10366 ||| Stepping ~*~*~tactically~*~*~ (hiding).
 10378 | D:11     | 10378 ||| INVOKING Heroism.
 10383 | D:11     | 10383 ||| Stepping ~*~*~tactically~*~*~ (hiding).
 10789 | D:11     | Reached skill level 9 in Invocations
 10789 | D:11     | Reached XP level 12. HP: 56/76 MP: 18/18
 10972 | D:11     | 10972 ||| Stepping ~*~*~tactically~*~*~ (stealth).
 10974 | D:11     | 10974 ||| Stepping ~*~*~tactically~*~*~ (hiding).
 11106 | D:11     | 11106 ||| PLANNING LAIR
 11106 | D:11     | 11106 ||| DROPPING scarf of shadows.
 11141 | Lair:1   | Entered Level 1 of the Lair of Beasts
 11240 | Lair:1   | 11240 ||| INVOKING Heroism.
 11244 | Lair:1   | Reached skill level 12 in Axes
 11439 | Lair:1   | Found a runed translucent door.
 11448 | Lair:1   | Noticed qw's ghost (novice GrFi)
 11455 | Lair:1   | 11455 ||| INVOKING Heroism.
 11484 | Lair:1   | Reached skill level 9 in Armour
 11609 | Lair:1   | 11609 ||| Stepping ~*~*~tactically~*~*~ (hiding).
 12220 | Lair:2   | 12220 ||| INVOKING Heroism.
 12226 | Lair:2   | Reached skill level 3 in Dodging
 12269 | Lair:2   | 12269 ||| Stepping ~*~*~tactically~*~*~ (stealth).
 12274 | Lair:2   | 12274 ||| Stepping ~*~*~tactically~*~*~ (hiding).
 12277 | Lair:2   | 12277 ||| INVOKING Heroism.
 12284 | Lair:2   | Reached skill level 6 in Shields
 12518 | Lair:2   | Found a staircase to the Swamp.
 12519 | Lair:2   | 12519 ||| Stepping ~*~*~tactically~*~*~ (hiding).
 12521 | Lair:2   | 12521 ||| INVOKING Heroism.
 12785 | Lair:2   | Noticed a death yak
 12786 | Lair:2   | 12786 ||| INVOKING Heroism.
 12787 | Lair:2   | 12787 ||| INVOKING Finesse.
 12789 | Lair:2   | Noticed a death yak
 12790 | Lair:2   | Noticed a death yak
 12791 | Lair:2   | Noticed a death yak
 12793 | Lair:2   | Noticed a death yak
 12799 | Lair:2   | Noticed a death yak
 12804 | Lair:2   | Killed a death yak
 12812 | Lair:2   | Killed a death yak
 12821 | Lair:2   | Killed a death yak
 12821 | Lair:2   | Received a gift from Okawaru
 12823 | Lair:2   | Killed a death yak
 12826 | Lair:2   | HP: 18/77 [death yak (7)]
 12827 | Lair:2   | 12827 ||| READING 2 scrolls of teleportation.
 12828 | Lair:2   | 12828 ||| DRINKING 3 potions of heal wounds.
 12830 | Lair:2   | Killed a death yak
 12831 | Lair:2   | Reached skill level 13 in Axes
 13060 | Lair:2   | 13060 ||| INVOKING Heroism.
 13218 | Lair:2   | 13218 ||| Stepping ~*~*~tactically~*~*~ (stealth).
 13220 | Lair:2   | 13220 ||| Stepping ~*~*~tactically~*~*~ (hiding).
 13335 | Lair:2   | 13335 ||| Stepping ~*~*~tactically~*~*~ (stealth).
 13339 | Lair:2   | 13339 ||| INVOKING Heroism.
 13352 | Lair:2   | Reached XP level 13. HP: 61/82 MP: 18/20
 13448 | Lair:2   | 13448 ||| Stepping ~*~*~tactically~*~*~ (stealth).
 13488 | Lair:2   | 13488 ||| DROPPING +2 flail of holy wrath.
 13505 | Lair:2   | 13505 ||| Stepping ~*~*~tactically~*~*~ (stealth).
 13507 | Lair:2   | 13507 ||| INVOKING Heroism.
 13509 | Lair:2   | 13509 ||| INVOKING Finesse.
 13593 | Lair:2   | 13593 ||| DROPPING +0 morningstar.
 13594 | Lair:2   | 13594 ||| DROPPING +6 flail of the Writhing Eel {vorpal,
                  | rF++ rCorr}.
 13927 | Lair:2   | 13927 ||| UPGRADING to +0 pair of gloves.
 13932 | Lair:2   | 13932 ||| UPGRADING to ring of protection from fire.
 13933 | Lair:2   | 13933 ||| READING scroll labelled WATTOR MYMIOGU.
 13950 | Lair:3   | 13950 ||| PLANNING GAUNTLET
 13950 | Lair:3   | 13950 ||| INVOKING Heroism.
 13951 | Lair:3   | 13951 ||| INVOKING Finesse.
 13952 | Lair:3   | 13952 ||| SWAPPING to +2 hand axe of flaming.
 13959 | Lair:3   | 13959 ||| SWAPPING to +1 war axe of freezing.
 13997 | Lair:3   | 13997 ||| Stepping ~*~*~tactically~*~*~ (stealth).
 13998 | Lair:3   | 13998 ||| INVOKING Heroism.
 14083 | Lair:3   | Found a hole to the Spider Nest.
 14161 | Lair:3   | Found a transporter.
 14169 | Lair:3   | 14169 ||| INVOKING Heroism.
 14190 | Lair:3   | 14190 ||| INVOKING Heroism.
 14217 | Lair:3   | 14217 ||| INVOKING Heroism.
 14218 | Lair:3   | 14218 ||| INVOKING Finesse.
 14222 | Lair:3   | 14222 ||| SWAPPING to +2 hand axe of flaming.
 14224 | Lair:3   | 14224 ||| SWAPPING to +1 war axe of freezing.
 14227 | Lair:3   | 14227 ||| SWAPPING to +2 hand axe of flaming.
 14235 | Lair:3   | 14235 ||| SWAPPING to +1 war axe of freezing.
 14275 | Lair:3   | 14275 ||| INVOKING Heroism.
 14288 | Lair:3   | Found a gate leading to a gauntlet.
 14297 | Gauntlet | Entered a Gauntlet
 14297 | Gauntlet | Found a transporter.
 14307 | Gauntlet | Found a transporter.
 14321 | Gauntlet | Found a transporter.
 14326 | Gauntlet | Found a transporter.
 14341 | Gauntlet | Found a transporter.
 14360 | Gauntlet | Found a transporter.
 14372 | Gauntlet | Found a transporter.
 14384 | Gauntlet | Found a transporter.
 14390 | Gauntlet | Found a transporter.
 14390 | Gauntlet | Found a transporter.
 14409 | Gauntlet | Found a transporter.
 14410 | Gauntlet | Noticed an entropy weaver
 14421 | Gauntlet | Found a transporter.
 14438 | Gauntlet | Found a transporter.
 14455 | Gauntlet | Found a transporter.
 14457 | Gauntlet | Found a transporter.
 14484 | Gauntlet | Found a transporter.
 14504 | Gauntlet | Found a transporter.
 14703 | Gauntlet | Found a transporter.
 14704 | Gauntlet | 14704 ||| INVOKING Heroism.
 14705 | Gauntlet | 14705 ||| INVOKING Finesse.
 14717 | Gauntlet | Reached skill level 14 in Axes
 14849 | Gauntlet | 14849 ||| INVOKING Heroism.
 14872 | Gauntlet | 14872 ||| READING scroll of enchant weapon.
 14872 | Gauntlet | 14872 ||| ENCHANTING +1 war axe of freezing.
 15081 | Gauntlet | 15081 ||| SWAPPING to +0 broad axe.
 15082 | Gauntlet | 15082 ||| DROPPING +2 war axe of freezing.
 15088 | Gauntlet | 15088 ||| DROPPING ring of flight.
 15121 | Gauntlet | Noticed a minotaur
 15122 | Gauntlet | 15122 ||| INVOKING Heroism.
 15123 | Gauntlet | 15123 ||| INVOKING Finesse.
 15135 | Gauntlet | Killed a minotaur
 15251 | Gauntlet | 15251 ||| SWAPPING to +2 vorpal broad axe.
 15252 | Gauntlet | 15252 ||| DROPPING +0 broad axe.
 15256 | Gauntlet | Identified the +2 falchion "Killer Klown's Regret" {speed,
                  | Str+3}
 15281 | Gauntlet | 15281 ||| UPGRADING to +2 helmet of intelligence.
 15291 | Gauntlet | 15291 ||| DROPPING +0 helmet.
 15305 | Lair:3   | 15305 ||| PLANNING LAIR
 15315 | Lair:3   | 15315 ||| INVOKING Heroism.
 15318 | Lair:3   | 15318 ||| SWAPPING to +2 hand axe of flaming.
 15322 | Lair:3   | Reached skill level 1 in Throwing
 15322 | Lair:3   | 15322 ||| SWAPPING to +2 vorpal broad axe.
 15522 | Lair:3   | Found a transporter.
 15529 | Lair:3   | 15529 ||| INVOKING Heroism.
 15533 | Lair:3   | 15533 ||| Stepping ~*~*~tactically~*~*~ (stealth).
 15544 | Lair:3   | Noticed an ice dragon
 15545 | Lair:3   | 15545 ||| Stepping ~*~*~tactically~*~*~ (hiding).
 15559 | Lair:3   | 15559 ||| INVOKING Finesse.
 15570 | Lair:3   | Killed an ice dragon
 15571 | Lair:3   | Reached skill level 3 in Throwing
 15671 | Lair:3   | Noticed Oluanan's ghost (journeyman DsFi)
 15672 | Lair:3   | Found a bloodstained altar of Trog.
 15683 | Lair:3   | 15683 ||| Stepping ~*~*~tactically~*~*~ (stealth).
 15687 | Lair:3   | 15687 ||| INVOKING Heroism.
 16028 | Lair:4   | 16028 ||| INVOKING Heroism.
 16097 | Lair:4   | 16097 ||| Stepping ~*~*~tactically~*~*~ (stealth).
 16109 | Lair:4   | 16109 ||| Stepping ~*~*~tactically~*~*~ (stealth).
 16115 | Lair:4   | 16115 ||| FLEEEEING.
 16116 | Lair:4   | 16116 ||| FLEEEEING.
 16117 | Lair:4   | 16117 ||| Stepping ~*~*~tactically~*~*~ (stealth).
 16206 | Lair:4   | 16206 ||| INVOKING Heroism.
 16230 | Lair:4   | Received a gift from Okawaru
 16246 | Lair:4   | Gained mutation: Your large and strong wings let you fly.
                  | [Gargoyle growth]
 16246 | Lair:4   | Reached XP level 14. HP: 47/90 MP: 21/21
 16372 | Lair:4   | 16372 ||| INVOKING Heroism.
 16373 | Lair:4   | 16373 ||| INVOKING Finesse.
 16377 | Lair:4   | 16377 ||| Stepping ~*~*~tactically~*~*~ (cloud).
 16534 | Lair:4   | Identified the ring of Bimety Vakiu {Fire Str+4}
 16545 | Lair:4   | 16545 ||| INVOKING Heroism.
 16545 | Lair:4   | HP: 21/90 [anaconda simulacrum (27)]
 16545 | Lair:4   | Mangled by a death yak simulacrum

Levels and vault maps discovered:
D:1:      dpeg_arrival_long_road, layout_loops_ring,
          kennysheep_decorative_pillar, minmay_domino_4
D:2:      layout_basic, shapermc_ecumenical_altar_gd,
          wad_floor_pattern_untrapped
D:3:      layout_basic
D:4:      layout_rooms, ebering_ghost_gozag, dk_rats_in_the_wall
D:5:      layout_loops_ring, grunt_temple_overflow_order_and_chaos_2
D:6:      minmay_razor_zed, layout_rooms, okawaru_altar_gauntlet_db,
          mainiacjoe_overflow_catwalk_spiral, minmay_temple_entry_nine_rooms
D:7:      layout_loops_ring, marbit_many_paths,
          chequers_temple_overflow_statue_of_worship, minmay_puff
D:8:      layout_rooms
D:9:      layout_basic, serial_shops, shop
D:10:     layout_irregular_city
D:11:     layout_irregular_city, erik_lair_orcish_takeover
Lair:1:   layout_gridlike, ebering_ghost_reflecting_pool, lemuel_fruit_tree
Lair:2:   layout_loops_ring, minmay_swamp_entry_worms, serial_bayou_shore_a
Lair:3:   layout_long_grid, spider_nest_entry_web_field,
          gammafunk_ghost_wrathful_warriors,
          portal_ice_cave_entry_animals_and_master, gauntlet_entry_generic
Lair:4:   dreamdust_isle_of_ice, layout_cave_pods

Skill      XL: |  1  2  3  4  5  6  7  8  9 10 11 12 13 14 |
---------------+-------------------------------------------+-----
Axes           | 2 3 4 5 6 7 9 10 11 13 14 | 14.0
Fighting       | 4 5 6 7 9 10 11 | 11.0
Dodging        | 1 2 3 |  3.2
Armour         | 4 5 6 8 9 10 11 | 11.0
Invocations    | 4 9 10 | 10.0
Shields        | 4 5 6 7 |  7.0
Throwing       | 5 |  5.2

Action                   |  1- 3 |  4- 6 |  7- 9 | 10-12 | 13-15 || total
-------------------------+-------+-------+-------+-------+-------++-------
Melee: War axe           |   122 |   166 |   326 |   602 |    89 ||  1305
       Broad axe         |       |       |       |       |   199 ||   199
       Hand axe          |       |       |       |       |    14 ||    14
Throw: Javelin           |       |       |       |       |    18 ||    18
Invok: Heroism           |       |       |     3 |    19 |    17 ||    39
       Finesse           |       |       |       |     1 |     7 ||     8
  Use: Scroll            |     6 |     4 |     9 |     4 |     2 ||    25
       Potion            |       |     2 |     3 |     3 |       ||     8
Armor: Scale mail        |    40 |       |       |       |       ||    40
       Chain mail        |    19 |    83 |   155 |    75 |       ||   332
       Plate armour      |       |       |       |   221 |   157 ||   378
Dodge: Dodged            |    45 |    70 |   100 |   172 |    95 ||   482
Block: Buckler           |    23 |    26 |    77 |   117 |    66 ||   309

Table legend:
 A = Non-vault XP
 B = Vault XP
 C = Vault XP percentage of total XP
 D = Non-vault monster count
 E = Vault monster count
 F = Vault count percentage of total count
                 A         B        C        D         E       F
            +---------+---------+-------+---------+---------+-------
      Total |   43423 |   11623 |  21.1 |     285 |      90 |  24.0
            +---------+---------+-------+---------+---------+-------
        D:1 |      22 |      15 |  40.5 |      14 |       2 |  12.5
        D:2 |      27 |       0 |   0.0 |      14 |       0 |   0.0
        D:3 |      90 |       0 |   0.0 |      23 |       0 |   0.0
        D:4 |     169 |      81 |  32.4 |      14 |      21 |  60.0
        D:5 |     968 |       0 |   0.0 |      18 |       0 |   0.0
        D:6 |     410 |     781 |  65.6 |      11 |      18 |  62.1
        D:7 |    1030 |     305 |  22.8 |      17 |       3 |  15.0
        D:8 |    2276 |       0 |   0.0 |      25 |       0 |   0.0
        D:9 |    5674 |       0 |   0.0 |      30 |       0 |   0.0
       D:10 |    3893 |       0 |   0.0 |      22 |       0 |   0.0
       D:11 |    2820 |     665 |  19.1 |      15 |       9 |  37.5
     Lair:1 |    3972 |       0 |   0.0 |      18 |       0 |   0.0
     Lair:2 |    8851 |    1207 |  12.0 |      26 |       6 |  18.8
     Lair:3 |    6826 |    2462 |  26.5 |      21 |       8 |  27.6
     Lair:4 |    6395 |    2353 |  26.9 |      17 |      14 |  45.2
   Gauntlet |       0 |    3754 | 100.0 |       0 |       9 | 100.0
            +---------+---------+-------+---------+---------+-------
